 Dungeon Crawl Stone Soup version 0.27-a0-1590-g15f69828bf (webtiles) character file.

Game seed: 7171626227613287711

25 Shayle the Ducker (level 3, -3/27 HPs)
             Began as a Djinni Hedge Wizard on July 19, 2021.
             Slain by Sigmund (6 damage)
             ... on level 2 of the Dungeon.
             The game lasted 00:03:55 (1224 turns).

Shayle the Ducker (Djinni Hedge Wizard)             Turns: 1224, Time: 00:03:56

Health: -3/27      AC:  2    Str:  8 (9)  XL:     3   Next: 17%
Gold:   5          EV: 12    Int: 14 (16) God:
                   SH:  0    Dex:  9 (12)

rFire    + + .     SeeInvis .   a - +0 dagger
rCold    x . .     Faith    .   (no shield)
rNeg     . . .     Spirit   .   b - +0 robe
rPois    ∞         Reflect  .   c - +0 hat
rElec    .         Harm     .   (no cloak)
rCorr    .         Rampage  .   (no gloves)
Will     .....                  (boots unavailable)
Stlth    +.........             (no amulet)
HPRegen  0.09/turn              (no ring)
MPRegen  0.00/turn              (no ring)

@: flying
A: sickness immunity, fire resistance 2, cold vulnerability 1, float, innate
caster, hp casting, extra vitality 1
a: no special abilities


You were on level 2 of the Dungeon.
You visited 1 branch of the dungeon, and saw 2 of its levels.

You collected 5 gold pieces.

Inventory:

Hand Weapons
 a - a +0 dagger (weapon)
Armour
 b - a +0 robe (worn)
 c - a +0 hat (worn)
Scrolls
 d - a scroll of silence
 f - a scroll of identify
 g - a scroll of enchant weapon {unknown}


   Skills:
 + Level 1.3 Fighting
 + Level 2.8 Dodging
 - Level 1.5 Stealth
 + Level 2.7 Spellcasting


You couldn't memorise any spells.
You knew the following spells:

 Your Spells              Type           Power      Damage    Failure   Level
a - Magic Dart            Conj           36%        1d4       8%          1
b - Blink                 Tloc           N/A        N/A       11%         2
c - Call Imp              Summ           9%         N/A       11%         2
d - Slow                  Hex            9%         N/A       11%         2
e - Conjure Flame         Conj/Fire      9%         6-21      22%         3
f - Mephitic Cloud        Conj/Pois/Air  9%         N/A       22%         3
g - Animate Skeleton      Necr           18%        N/A       8%          1
Your spell library was empty.

Dungeon Overview and Level Annotations

Branches:
Dungeon (2/15)

Altars:

Annotations:
D:2 Sigmund


Innate Abilities, Weirdness & Mutations

You are immune to sickness and miasma.
You are immune to poison.
Your flesh is very heat resistant. (rF++)
You are vulnerable to cold. (rC-)
You float through the air rather than walking.
You learn spells naturally, not from books.
Your magical power is your life essence.
You have superior vitality. (+4 HP)


Message History

Nothing appears to happen.
Sigmund says, "You will soon forget everything."
Casting: Call Imp (safe; 10% risk of failure)
Confirm with . or Enter, or press ? or * to list all spells.
A shadowy apparition takes form in the air.
Casting: Call Imp (safe; 10% risk of failure)
Confirm with . or Enter, or press ? or * to list all spells.
A beastly little devil appears in a puff of flame.
Casting: Call Imp (safe; 10% risk of failure)
Confirm with . or Enter, or press ? or * to list all spells.
A metallic apparition takes form in the air.
Sigmund hits you from afar with a +0 scythe!
* * * LOW HITPOINT WARNING * * *
Your shadow imp hits Sigmund but does no damage.
Your crimson imp hits Sigmund.
It was a potion of degeneration.
There was something very wrong with that liquid.
You feel weakened.
You feel dopey.
You feel clumsy.
Sigmund hits you from afar with a +0 scythe.
* * * LOW HITPOINT WARNING * * *
Your magical contamination has completely faded away.
Unknown command.
Your crimson imp misses Sigmund.
Sigmund misses you. What are your orders? t - Shout!
Orders for allies: a - Attack new target. r - Retreat! s - Stop attacking. g - Guard the area. f - Follow me.
Anything else - Cancel.
Gang up on whom?
Press: ? - help, Dir - move target, f - Sigmund
Aim: Sigmund, wielding a +0 scythe and wearing a +2 robe of fire resistance (lightly wounded, ally target)
Okay, then.
Okay, then.
As you read the scroll labelled KAS XINLOIHAREILU, it crumbles to dust.
It is a scroll of identify.
d - a scroll of silence Your shadow imp hits Sigmund.
Your crimson imp hits Sigmund.
Sigmund hits you from afar with a +0 scythe.
You die...

.................#
.................#
...†.............#
..##.............#
#.###.#####[.....#
..# #...###....55#
.## ###...#....5@#
## ###.######.# #
#.### #@#
#...####.###
###........#
##########


You could see Sigmund (ally target), a friendly iron imp (summoned), a friendly
crimson imp (summoned) and a friendly shadow imp (summoned).

Vanquished Creatures
  An adder (D:1)
  A ball python (D:1)
  4 bats
  2 endoplasms (D:1)
  2 goblins (D:1)
  2 frilled lizards (D:1)
  3 kobolds
  A rat (D:2)
  A spectral hobgoblin (D:1)
17 creatures vanquished.

Notes
Turn   | Place    | Note
-------+----------+-------------------------------------------
     0 | D:1      | Shayle the Djinni Hedge Wizard began the quest for the Orb.
     0 | D:1      | Reached XP level 1. HP: 15/15 MP: 0/0
   217 | D:1      | Reached XP level 2. HP: 20/22 MP: 0/0
   587 | D:1      | Found a faded altar of an unknown god.
   960 | D:1      | Reached skill level 1 in Fighting
   960 | D:1      | Reached XP level 3. HP: 21/27 MP: 0/0
   960 | D:1      | Learned a level 1 spell: Animate Skeleton
  1211 | D:2      | Noticed Sigmund
  1224 | D:2      | Slain by Sigmund

Illustrated notes

Levels and vault maps discovered:
D:1:      saegor_arrival_simple_c, layout_loops_ring,
          dreamdust_ecumenical_altar_drowned_temple,
          chequers_hall_statues_wall_a
D:2:      layout_rooms, uniq_crazy_yiuf_cottage, uniq_sigmund

Skill      XL: |  1  2 |
---------------+-------+-----
Fighting       | 1 |  1.3
Dodging        | |  2.8
Stealth        | |  1.5
Spellcasting   | |  2.7

Action                   || total
-------------------------++-------
Melee: Dagger            ||     4
 Cast: Magic Dart        ||    40
       Call Imp          ||     3
  Use: Scroll            ||     1
       Potion            ||     1
 Stab: Sleeping          ||     2
Armor: Robe              ||     4
Dodge: Dodged            ||     9

Table legend: (Time is in decaauts)
 A = Elapsed time spent in this place.
 B = Non-inter-level travel time spent in this place.
 C = Inter-level travel time spent in this place.
 D = Time resting spent in this place.
 E = Time spent auto-exploring this place.
 F = Levels seen in this place.
 G = Mean time per level.
                   A        B        C        D        E       F      G
               +--------+--------+--------+--------+--------+-----+--------+
         Total |   1224 |   1205 |     19 |    191 |    849 |   2 |  612.0 |
       Dungeon |   1224 |   1205 |     19 |    191 |    849 |   2 |  612.0 |
               +--------+--------+--------+--------+--------+-----+--------+

Top non-repeatable levels by time:
     D:1: 1022 daAuts
     D:2: 202 daAuts
